 Dungeon Crawl Stone Soup version 0.27-a0-1140-g099f9bb0e8 (webtiles) character file.

Game seed: 5163499543409364221

559 voltaire321 the Chopper (level 7, -9/53 HPs)
             Began as a Demonspawn Gladiator on May 8, 2021.
             Killed from afar by a steam dragon (14 damage)
             ... with a ball of steam
             ... on level 5 of the Dungeon.
             The game lasted 00:11:02 (5374 turns).

voltaire321 the Chopper (Demonspawn Gladiator)      Turns: 5374, Time: 00:11:02

Health: -9/53      AC:  7    Str: 16    XL:     7   Next: 9%
Magic:  0/7        EV: 13    Int:  9    God:
Gold:   273        SH:  0    Dex: 15    Spells: 6/6 levels left

rFire    . . .     SeeInvis .   a - +0 war axe
rCold    . . .     Faith    .   (no shield)
rNeg     . . .     Spirit   +   b - +0 leather armour
rPois    .         Reflect  .   u - +1 helmet
rElec    .         Harm     .   (no cloak)
rCorr    .         Rampage  .   (no gloves)
Will     .....                  (no boots)
Stlth    +.........             (no amulet)
HPRegen  0.17/turn              (no ring)
MPRegen  0.20/turn              (no ring)

@: brilliant
A: talons 1, thin metallic scales 1, magic shield, magic regeneration
a: no special abilities


You were on level 5 of the Dungeon.
You visited 2 branches of the dungeon, and saw 6 of its levels.

You collected 273 gold pieces.

Inventory:

Hand Weapons
 a - a +0 war axe (weapon)
Missiles
 d - 3 throwing nets
 g - 9 poisoned darts (quivered)
Armour
 b - a +0 leather armour (worn)
 u - a +1 helmet (worn)
Jewellery
 n - a ring of fire
Wands
 s - a wand of acid (10)
Scrolls
 e - a scroll of fear {unknown}
 h - a scroll of enchant armour {unknown}
 j - 2 scrolls of identify {unknown}
 k - a scroll of amnesia {unknown}
 l - a scroll of fog {unknown}
 m - a scroll of teleportation {unknown}
Potions
 c - a potion of attraction {unknown}
 f - 2 potions of lignification {unknown}
 i - 2 potions of invisibility {unknown}
 o - 2 potions of brilliance
 p - a potion of cancellation {unknown}
 q - a potion of might {unknown}
 r - a potion of heal wounds {unknown}
 t - a potion of flight {unknown}
 v - a potion of curing {unknown}


   Skills:
 + Level 3.8 Fighting
 + Level 4.1 Axes
 + Level 3.4 Throwing
 + Level 2.8 Armour
 + Level 4.0 Dodging


You had 6 spell levels left.
You didn't know any spells.
Your spell library contained the following spells:

 Spells                   Type           Power      Damage    Failure   Level
 Confusing Touch          Hex            0%         N/A       82%         3
 Gell's Gravitas          Tloc           0%         N/A       82%         3
 Petrify                  Tmut/Erth      0%         N/A       99%         4
 Metabolic Englaciation   Hex/Ice        0%         N/A       100%        5
 Yara's Violent Unravell  Hex/Tmut       0%         3d3       100%        5


Dungeon Overview and Level Annotations

Branches:
Dungeon (5/15)             Temple (1/1) D:4

Altars:
Ashenzari
Cheibriados
Dithmenos
Gozag
Hepliaklqana
Kikubaaqudgha
Qazlal
Sif Muna
Trog
Uskayaw
Vehumet
Wu Jian
Xom
Yredelemnul
Zin


Innate Abilities, Weirdness & Mutations

You have sharp toenails.
You are partially covered in thin metallic scales. (AC +2)
When hurt, damage is shared between your health and your magic reserves.
You regenerate magic rapidly.


Message History

The steam dragon bites you but does no damage.
The steam dragon closely misses you.
You hit the steam dragon but do no damage.
The steam dragon is moderately wounded.
The steam dragon closely misses you. x2; The steam dragon barely misses you.
The steam dragon claws you but does no damage.
You hit the steam dragon but do no damage.
You claw the steam dragon.
The steam dragon is heavily wounded.
The steam dragon bites you.
* * * LOW HITPOINT WARNING * * *
The steam dragon closely misses you.
It was a potion of brilliance.
You feel clever all of a sudden. The steam dragon barely misses you. x2
You hit the steam dragon but do no damage.
Your kick misses the steam dragon.
The steam dragon is heavily wounded.
The steam dragon misses you. The steam dragon closely misses you.
You hit the steam dragon but do no damage.
You claw the steam dragon.
The steam dragon is heavily wounded.
The steam dragon barely misses you.
The steam dragon claws you but does no damage.
The steam dragon closely misses you.
The steam dragon claws you but does no damage.
You barely miss the steam dragon. You claw the steam dragon.
The steam dragon is heavily wounded.
The steam dragon barely misses you. The steam dragon misses you.
You hit the steam dragon.
The steam dragon is severely wounded.
The steam dragon misses you.
The steam dragon claws you but does no damage.
Aiming: Corrosive Bolt
Press: ? - help, Shift-Dir - straight line, f - steam dragon
Aim: a steam dragon (severely wounded, 71% to hit)
The bolt of acid misses the steam dragon.
The steam dragon breathes steam at you. The ball of steam hits you!
You die...

D... ... ..## ..### #...
# #..# #. # #..# #.# #
#..#####.# ### #
#.####D@....#.## ##.## #
#.......###....###.#.###
######..........#.###.##
.......###.#...#.## ##.#
...######.###.#.## ##. .
##.## #.#.## ##.# #.##
##...###.## ##.##
##.#.#.#.##
##.###.##.##..#


You could see a steam dragon (catching breath).

Vanquished Creatures
  Menkaure (D:3)
  A necrophage (D:3)
  A jelly (D:4)
  An orc priest (D:4)
  3 hounds (D:4)
  A centaur skeleton (D:4)
  An orc wizard (D:4)
  2 howler monkey skeletons (D:4)
  2 adders (D:2)
  An adder skeleton (D:4)
  A worm (D:2)
  2 dart slugs
  10 orcs
  6 bats
  9 endoplasms
  3 giant cockroaches
  9 goblins
  6 hobgoblins
  2 jackals (D:4)
  3 quokkas
  7 ball pythons
  6 frilled lizards
  9 kobolds
  10 rats
97 creatures vanquished.

Vanquished Creatures (others)
  11 plants
11 creatures vanquished.

Grand Total: 108 creatures vanquished

Notes
Turn   | Place    | Note
-------+----------+-------------------------------------------
     0 | D:1      | voltaire321 the Demonspawn Gladiator began the quest for
                  | the Orb.
     0 | D:1      | Reached XP level 1. HP: 16/16 MP: 1/1
   242 | D:1      | Found a faded altar of an unknown god.
   425 | D:1      | Gained mutation: You regenerate magic rapidly. [demonic
                  | ancestry]
   425 | D:1      | Reached XP level 2. HP: 19/22 MP: 2/2
  1806 | D:2      | Reached skill level 1 in Armour
  1806 | D:2      | Gained mutation: When hurt, damage is shared between your
                  | health and your magic reserves. [demonic ancestry]
  1806 | D:2      | Reached XP level 3. HP: 28/28 MP: 3/3
  2609 | D:3      | Noticed a necrophage
  2621 | D:3      | Killed a necrophage
  2622 | D:3      | Reached XP level 4. HP: 20/34 MP: 2/4
  2622 | D:3      | Gained mutation: You are partially covered in thin metallic
                  | scales. (AC +2) [demonic ancestry]
  2622 | D:3      | Reached XP level 5. HP: 24/40 MP: 2/5
  4007 | D:4      | Noticed Menkaure
  4017 | D:4      | Reached XP level 6. HP: 23/47 MP: 3/6
  4024 | D:3      | HP: 1/47 [Menkaure (3)]
  4026 | D:3      | Killed Menkaure
  4607 | D:4      | Found a staircase to the Ecumenical Temple.
  4613 | Temple   | Entered the Ecumenical Temple
  4916 | D:4      | Found an ornate altar of the Wu Jian Council.
  5045 | D:4      | Gained mutation: You have sharp toenails. [demonic
                  | ancestry]
  5045 | D:4      | Reached XP level 7. HP: 53/53 MP: 7/7
  5263 | D:5      | Entered Level 5 of the Dungeon
  5348 | D:5      | Noticed a steam dragon
  5374 | D:5      | Killed from afar by a steam dragon

Illustrated notes

Levels and vault maps discovered:
D:1:      heliophobic_arrival_ceremonial_halls, layout_basic,
          chequers_ecumenical_altar_simple_redux, kennysheep_pointless_box,
          serial_bayou_pond_a
D:2:      layout_loops_cross, grunt_ministairs_3, minmay_goblin_outpost
D:3:      layout_loops_ring, corexii_shack, lexackson_kobold_supper
D:4:      layout_rooms, nicolae_overflow_crystal_walls,
          minmay_temple_entry_enclosed_plants, uniq_menkaure
D:5:      layout_loops_corners, tso_altar, ebering_ghost_disaster_area,
          roderic_lattice_a
Temple:   eino_temple_water

Skill      XL: |  1  2  3  4  5  6 |
---------------+-------------------+-----
Throwing       | 2 3 |  3.4
Axes           | 3 4 |  4.1
Armour         | 1 2 |  2.8
Dodging        | 3 4 |  4.0
Fighting       | 3 |  3.8

Action                   |  1- 3 |  4- 6 |  7- 9 || total
-------------------------+-------+-------+-------++-------
Melee: War axe           |   135 |   143 |    21 ||   299
       Kick              |       |       |    11 ||    11
Throw: Dart              |       |     4 |       ||     4
Evoke: Wand              |       |       |     1 ||     1
  Use: Potion            |       |       |     1 ||     1
 Stab: Sleeping          |     1 |       |       ||     1
Armor: Leather armour    |    41 |    73 |    12 ||   126
Dodge: Dodged            |   104 |   125 |    25 ||   254

Table legend: (Time is in decaauts)
 A = Elapsed time spent in this place.
 B = Non-inter-level travel time spent in this place.
 C = Inter-level travel time spent in this place.
 D = Time resting spent in this place.
 E = Time spent auto-exploring this place.
 F = Levels seen in this place.
 G = Mean time per level.
                   A        B        C        D        E       F      G
               +--------+--------+--------+--------+--------+-----+--------+
         Total |   5479 |   5409 |     70 |   1348 |   3118 |   6 |  913.2 |
       Dungeon |   5256 |   5186 |     70 |   1348 |   2915 |   5 | 1051.2 |
        Temple |    222 |    222 |      0 |      0 |    203 |   1 |  222.0 |
               +--------+--------+--------+--------+--------+-----+--------+

Top non-repeatable levels by time:
     D:3: 1656 daAuts
     D:2: 1345 daAuts
     D:1: 1290 daAuts
     D:4: 849 daAuts
  Temple: 222 daAuts
     D:5: 114 daAuts
